AoeStats
← Sitoru Gojo

Black Forest

507915912Analyzed
2v2 RM · 12d ago on Sep 20, 2026· 82m 50s· 4 players
Game mode
Random Map
Map size
Medium (4 player)
Population
200
Speed
Normal
Resources
Standard
Victory
Conquest
Starting age
Dark Age
Ending age
Imperial Age
RankedLock teamsTeams togetherTeam positionsShared explorationLock speedFull tech treeHidden civsTurbo modeCheats
Victory
Defeat
🇲🇽 Celts · Mexico
807
+13
🇲🇽 Italians · Mexico
656
+19
776
-18
🇨🇱 Magyars · Chile
677
-18
DSLG | antuancesar6
13:52 Feudal Age
19:32 Castle Age
19:49 Fletching
20:30 Horse Collar
23:19 Gambesons
23:56 Scale Barding Armor
27:42 Loom
31:14 Wheelbarrow
37:22 Husbandry
37:55 Hand Cart
41:58 Ballistics
41:35 Murder Holes
43:49 Fortified Wall
48:19 Imperial Age
48:52 Thumb Ring
49:58 Elite Skirmisher
51:06 Gold Mining
51:06 Stone Mining
53:23 Caravan
53:54 Coinage
55:12 Treadmill Crane
55:54 Elite Cataphract
56:06 Cavalier
57:52 Paladin
65:04 Forging
64:54 Padded Archer Armor
64:50 Bodkin Arrow
66:25 Chain Barding Armor
66:09 Light Cavalry
67:42 Banking
68:44 Plate Barding Armor
67:48 Hussar
edherlynrivas6
14:10 Feudal Age
19:27 Castle Age
17:37 Double-Bit Axe
19:41 Fletching
19:52 Padded Archer Armor
20:01 Padded Archer Armor
21:20 Bow Saw
34:56 Corvinian Army
35:51 Wheelbarrow
37:09 Horse Collar
41:18 Thumb Ring
40:34 Crossbowman
40:41 Elite Skirmisher
45:11 Bodkin Arrow
45:28 Scale Mail Armor
45:40 Scale Barding Armor
48:22 Bloodlines
48:13 Husbandry
48:34 Leather Archer Armor
48:15 Loom
48:45 Hand Cart
53:52 Chain Mail Armor
54:17 Heavy Plow
54:44 Chain Barding Armor
55:57 Masonry
56:08 Ballistics
55:40 Guard Tower
56:18 Murder Holes
60:47 Imperial Age
58:01 Treadmill Crane
58:21 Heated Shot
61:34 Sappers
68:13 Bracer
68:43 Ring Archer Armor
74:06 Plate Barding Armor
75:22 Chemistry
Sitoru Gojo
12:46 Feudal Age
13:56 Double-Bit Axe
13:55 Horse Collar
18:18 Gold Mining
22:21 Castle Age
24:18 Bow Saw
24:52 Fletching
25:04 Padded Archer Armor
27:33 Fishing Lines
27:52 Loom
28:59 Wheelbarrow
30:41 Bodkin Arrow
32:32 Scale Mail Armor
33:12 Leather Archer Armor
33:39 Pikeman
37:49 Hand Cart
38:41 Forging
38:46 Chain Mail Armor
43:35 Imperial Age
42:25 Iron Casting
41:55 Scale Barding Armor
43:38 Cavalier
46:07 Blast Furnace
45:37 Plate Mail Armor
47:43 Crossbowman
49:58 Ring Archer Armor
52:27 Bracer
54:09 Fortified Wall
54:21 Ballistics
53:58 Murder Holes
64:31 Conscription
64:35 Pirotechnia
64:45 Masonry
64:21 Arrowslits
64:27 Guard Tower
65:39 Chemistry
64:30 Heated Shot
64:21 Treadmill Crane
65:01 Shipwright
64:52 Clinker Construction
64:47 Siphons
64:53 Careening
65:07 Chain Barding Armor
64:13 Elite Skirmisher
64:13 Arbalester
65:36 Illumination
65:11 Atonement
65:32 Sanctity
65:28 Block Printing
65:09 Herbal Medicine
68:21 Plate Barding Armor
67:50 Heavy Plow
69:06 Two-Man Saw
Solari
0:30 Loom
10:49 Feudal Age
12:07 Double-Bit Axe
12:31 Horse Collar
13:04 Gold Mining
16:16 Man-at-Arms
17:12 Scale Mail Armor
23:38 Forging
25:55 Castle Age
26:10 Pikeman
28:03 Chain Mail Armor
27:47 Long Swordsman
28:19 Gambesons
29:04 Bow Saw
31:52 Iron Casting
35:44 Wheelbarrow
37:11 Crossbowman
39:17 Hand Cart
44:21 Gold Shaft Mining
43:40 Stone Mining
43:42 Fletching
43:53 Padded Archer Armor
48:10 Heavy Plow
50:43 Imperial Age
50:53 Two-Handed Swordsman
54:59 Plate Mail Armor
55:30 Blast Furnace
54:12 Champion
56:00 Heavy Scorpion
57:52 Arson
59:04 Stone Shaft Mining
63:53 Halberdier
Connection lost

Rejoining the realm…

Still unreachable

The connection could not be restored.

Session expired

The server has moved on; the page needs a fresh start.